 Dungeon Crawl Stone Soup version 0.19-a0-76-g295c512 (webtiles) character file.

25 Duffy the Ruffian (level 2, -2/39 HPs)
             Began as a Draconian Fighter on May 12, 2016.
             Slain by Terence
             ... wielding a +0 trident
              (4 damage)
             ... on level 2 of the Dungeon.
             The game lasted 00:00:52 (920 turns).

Duffy the Ruffian (Draconian Fighter)                Turns: 920, Time: 00:00:53

Health: -2/39      AC: 21    Str: 18    XL:     2   Next: 82%
Magic:  2/2        EV:  2    Int:  8    God:
Gold:   30         SH:  8    Dex: 10    Spells: 0 memorised, 1 level left

rFire  . . .     SeeInvis .       - Unarmed
rCold  . . .     Gourm    .     (armour unavailable)
rNeg   + + +     Faith    .     a - +0 shield
rPois  +         Spirit   .     (helmet currently unavailable)
rElec  .         Dismiss  .     (cloak currently unavailable)
rCorr  .         Reflect  .     (gloves currently unavailable)
SustAt .         Harm     .     (boots currently unavailable)
MR     .....     NoTele   +     (no amulet)
Stlth  +.........               (no ring)
                                d - ring of poison resistance

@: tree-form, not resistant to hostile enchantments, very unstealthy
A: unfitting armour, (cold-blooded), AC +4
a: no special abilities


You were on level 2 of the Dungeon.
You were not hungry.
You were a tree.
You visited 1 branch of the dungeon, and saw 2 of its levels.

You collected 30 gold pieces.


Innate Abilities, Weirdness & Mutations

((Your plain brown scales are hard (AC +4).))
Your body does not fit into most forms of armour.
((You are cold-blooded and may be slowed by cold attacks.))


   Skills:
 - Level 3.2 Fighting
 - Level 2.6 Dodging
 - Level 3.0 Shields
 + Level 3.4 Unarmed Combat


You had one spell level left.
You didn't know any spells.

Inventory:

Missiles
 f - a throwing net (quivered)
Armour
 a - a +0 shield (worn)
Jewellery
 d - a ring of poison resistance (left branch)
Scrolls
 g - a scroll of enchant armour {unknown}
Potions
 b - 2 potions of might
 e - 2 potions of lignification
 h - a potion of magic {unknown}
Comestibles
 c - 2 bread rations

Dungeon Overview and Level Annotations

Branches:
Dungeon (2/15)

Altars:

Annotations:
D:1 Dig
D:2 Terence


Message History

There is a stone staircase leading down here.
You climb downwards.
Terence the Incautious comes into view.
He is wielding a trident.
There is a stone staircase leading up here.
Terence shouts!
Terence barely misses you.
You hit Terence but do no damage.
Terence drinks a potion.
Terence goes berserk!
You hit Terence.
Terence is lightly wounded.
Terence barely misses you. You block Terence's attack.
You closely miss Terence.
Terence is lightly wounded.
Terence barely misses you.
You hit Terence but do no damage.
Terence is lightly wounded.
Terence hits you with a trident. Terence hits you with a trident!
You hit Terence.
Your tail-slap misses Terence.
Terence is moderately wounded.
You block Terence's attack.
You hit Terence.
Terence is moderately wounded.
You block Terence's attack. x2
You closely miss Terence.
You tail-slap Terence, but do no damage.
Terence is moderately wounded.
Terence hits you with a trident.
You are too injured to fight recklessly!
You are too injured to fight recklessly!
You are too injured to fight recklessly!
You are too injured to fight recklessly!
You are too injured to fight recklessly!
You are too injured to fight recklessly!
You are too injured to fight recklessly!
You are too injured to fight recklessly!
You are too injured to fight recklessly!
You are too injured to fight recklessly!
You are too injured to fight recklessly!
You are too injured to fight recklessly!
Terence hits you with a trident!
Drink which item? (? for menu, Esc to quit)
It was a potion of lignification.
You turn into a tree.
Your roots penetrate the ground.
Terence hits you but does no damage.
You hit Terence but do no damage.
Terence is moderately wounded.
You block Terence's attack. x2
You smack Terence!
Terence is heavily wounded.
Terence hits you with a trident.
You die... ############# #<.7@.......+ #############

You could see Terence (berserk).

Action                   || total
-------------------------++-------
Melee: Unarmed           ||    72
       Tailslap          ||     7
  Use: Potion            ||     1
Armor: Skin              ||    26
Dodge: Dodged            ||    29
Block: Shield            ||    31

Notes
Turn   | Place    | Note
--------------------------------------------------------------
     0 | D:1      | Duffy the Draconian Fighter began the quest for the Orb.
     0 | D:1      | Reached XP level 1. HP: 19/19 MP: 1/1
   312 | D:1      | Reached XP level 2. HP: 26/26 MP: 2/2
   337 | D:1      | Reached skill level 3 in Unarmed Combat
   904 | D:2      | Noticed Terence
   920 | D:2      | Slain by Terence

Skill      XL: |  1  2 |
---------------+-------+-----
Unarmed Combat | 3 |  3.4
Fighting       | |  3.2
Dodging        | |  2.6
Shields        | |  3.0

Vault maps used:
D:1:      dpeg_arrival_stone_temple_mockup, due_unseen_surprise
D:2:      ecumenical_altar_2, first_bread, uniq_terence

Vanquished Creatures
  A dart slug
  2 giant geckos
  2 bats
  A giant cockroach
  2 goblins
  4 hobgoblins
  2 kobolds
  A ball python
  A giant newt
  3 rats
19 creatures vanquished.
